[Event "EYTCC Open U18 2022"]
[Site "Thessaloniki"]
[Date "2022.07.13"]
[Round "2.38"]
[White "Xhembulla, Aleksander"]
[Black "Gerasopoulos, Nikolaos"]
[Result "0-1"]
[ECO "C10"]
[WhiteElo "1909"]
[BlackElo "1526"]
[Annotator "ChessBase"]
[PlyCount "38"]
[EventDate "2022.07.12"]
[EventType "team-tourn"]
[EventCountry "GRE"]
[SourceTitle "playchess.com"]
[Source "ChessBase"]
[SourceQuality "1"]
[WhiteTeam "Albania"]
[BlackTeam "Greece"]
[WhiteTeamCountry "ALB"]
[BlackTeamCountry "GRE"]
[TimeControl "40/5400+30:1800+30"]

1. e4 e6 2. d4 d5 3. Nd2 dxe4 4. Nxe4 Nd7 5. Nf3 Ngf6 6. Nxf6+ Nxf6 7. c3 Be7 8. Bd3 O-O 9. Qe2 b6 10. Bf4 c5 11. dxc5 bxc5 12. h4 Bb7 13. h5 h6 14. g4 e5 15. Bxe5 Nxg4 16. Rh3 Bd6 17. Be4 Bxe4 18. Qxe4 Nxe5 19. Nxe5 Bxe5 0-1

[Event "EYTCC Open U18 2022"]
[Site "Thessaloniki"]
[Date "2022.07.13"]
[Round "2.39"]
[White "Skodras, Marios Konstantinos"]
[Black "Ramaj, Ergit"]
[Result "0-1"]
[ECO "B52"]
[WhiteElo "1446"]
[BlackElo "1980"]
[Annotator "ChessBase"]
[PlyCount "114"]
[EventDate "2022.07.12"]
[EventType "team-tourn"]
[EventCountry "GRE"]
[SourceTitle "playchess.com"]
[Source "ChessBase"]
[SourceQuality "1"]
[WhiteTeam "Greece"]
[BlackTeam "Albania"]
[WhiteTeamCountry "GRE"]
[BlackTeamCountry "ALB"]
[TimeControl "40/5400+30:1800+30"]

1. e4 c5 2. Nf3 d6 3. Bb5+ Bd7 4. Bxd7+ Qxd7 5. Nc3 Nc6 6. d4 cxd4 7. Nxd4 g6 8. O-O Bg7 9. Be3 Nf6 10. f3 O-O 11. Nce2 Rac8 12. c3 Ne5 13. b3 d5 14. Bf4 Nc6 15. Nxc6 Qxc6 16. e5 Nh5 17. Qd4 Nxf4 18. Nxf4 e6 19. Rac1 Rfd8 20. Nd3 Bf8 21. Kh1 Bc5 22. Qf4 Qa6 23. Qd2 Qb6 24. Rfe1 Rc7 25. f4 Be7 26. h3 Rdc8 27. Rc2 Qa5 28. b4 Qb6 29. Rec1 Rc4 30. Nb2 Re4 31. Kh2 a5 32. a3 Kg7 33. g3 h5 34. Nd3 h4 35. g4 Qe3 36. Qxe3 Rxe3 37. Ne1 axb4 38. axb4 b5 39. Ng2 Re4 40. Rb1 d4 41. Rbc1 dxc3 42. Rxc3 Rxc3 43. Rxc3 Rxb4 44. Rc7 Bd8 45. Rb7 Kf8 46. Rb8 Ke7 47. Nxh4 Kd7 48. Ng2 Rb2 49. Kg3 b4 50. h4 Bc7 51. Ra8 Rb3+ 52. Kh2 Ra3 53. Rf8 b3 54. Rxf7+ Kc6 55. h5 b2 56. hxg6 b1=Q 57. g7 Qh7+ 0-1

[Event "EYTCC Open U18 2022"]
[Site "Thessaloniki"]
[Date "2022.07.13"]
[Round "2.40"]
[White "Boci, Petro"]
[Black "Chasiotis, Odysseas"]
[Result "1-0"]
[ECO "C79"]
[WhiteElo "1709"]
[BlackElo "1371"]
[Annotator "NA"]
[PlyCount "69"]
[EventDate "2022.07.12"]
[EventType "team-tourn"]
[EventCountry "GRE"]
[SourceTitle "playchess.com"]
[Source "ChessBase"]
[SourceQuality "1"]
[WhiteTeam "Albania"]
[BlackTeam "Greece"]
[WhiteTeamCountry "ALB"]
[BlackTeamCountry "GRE"]
[TimeControl "40/5400+30:1800+30"]

1. e4 e5 2. Nf3 Nc6 3. Bb5 a6 4. Ba4 Nf6 5. O-O d6 6. Re1 Bd7 7. c3 Be7 8. d4 O-O 9. Nbd2 exd4 10. cxd4 Re8 11. Nf1 d5 12. e5 Ne4 13. Ng3 Nxg3 14. hxg3 b5 15. Bc2 g6 16. Nh2 Bb4 17. Re3 Ne7 18. a3 Ba5 19. g4 Nc6 20. Rg3 Bb6 21. Be3 Na5 22. b3 Nb7 23. Qd2 f6 24. f4 Rf8 25. f5 g5 26. Nf3 h6 27. Rh3 Kg7 28. Kf2 c6 29. Rah1 Rh8 30. Qd3 fxe5 31. Nxe5 Bc8 32. Rxh6 Rxh6 33. Rxh6 Qf6 34. Rxf6 Kxf6 35. Qd2 1-0

[Event "EYTCC Open U18 2022"]
[Site "Thessaloniki"]
[Date "2022.07.14"]
[Round "3.1"]
[White "Budisavljevic, Luka"]
[Black "Fromm, Marius"]
[Result "1-0"]
[ECO "E48"]
[WhiteElo "2511"]
[BlackElo "2391"]
[Annotator "ChessBase"]
[PlyCount "83"]
[EventDate "2022.07.12"]
[EventType "team-tourn"]
[EventCountry "GRE"]
[SourceTitle "playchess.com"]
[Source "ChessBase"]
[SourceQuality "1"]
[WhiteTeam "Serbia"]
[BlackTeam "Germany"]
[WhiteTeamCountry "SRB"]
[BlackTeamCountry "GER"]
[TimeControl "40/5400+30:1800+30"]

1. d4 Nf6 2. c4 e6 3. Nc3 Bb4 4. e3 O-O 5. Bd3 d5 6. cxd5 exd5 7. Nge2 Re8 8. Bd2 b6 9. O-O Bf8 10. Rc1 Bb7 11. Ng3 c5 12. Re1 Nbd7 13. b3 Rc8 14. dxc5 bxc5 15. e4 c4 16. bxc4 Ne5 17. Bc2 dxe4 18. Ncxe4 Ba3 19. Nxf6+ Qxf6 20. Rb1 Ba8 21. Rb3 Bc5 22. Be3 Red8 23. Qe2 g6 24. Bxc5 Rxc5 25. Rb5 Rdc8 26. Rxc5 Rxc5 27. Be4 Qd8 28. Bd5 Rxd5 29. cxd5 Qxd5 30. f3 Nc4 31. Kh1 Nb6 32. Rd1 Qg5 33. Qd2 Qe5 34. Re1 Qf6 35. Ne4 Qh4 36. Qc3 Nd5 37. Qc8+ Kg7 38. Rd1 Nb6 39. Qc3+ Kh6 40. Nf6 Qa4 41. Ng8+ Kh5 42. g4+ 1-0

[Event "EYTCC Open U18 2022"]
[Site "Thessaloniki"]
[Date "2022.07.14"]
[Round "3.2"]
[White "Deuer, Marius"]
[Black "Tadic, Stefan"]
[Result "0-1"]
[ECO "A58"]
[WhiteElo "2338"]
[BlackElo "2356"]
[Annotator "ChessBase"]
[PlyCount "80"]
[EventDate "2022.07.12"]
[EventType "team-tourn"]
[EventCountry "GRE"]
[SourceTitle "playchess.com"]
[Source "ChessBase"]
[SourceQuality "1"]
[WhiteTeam "Germany"]
[BlackTeam "Serbia"]
[WhiteTeamCountry "GER"]
[BlackTeamCountry "SRB"]
[TimeControl "40/5400+30:1800+30"]

1. d4 Nf6 2. c4 c5 3. d5 b5 4. cxb5 a6 5. bxa6 g6 6. Nc3 Bxa6 7. Nf3 d6 8. g3 Bg7 9. Bg2 Nbd7 10. O-O Nb6 11. Re1 O-O 12. Rb1 Bc4 13. e4 Bxa2 14. Nxa2 Rxa2 15. b4 c4 16. Nd4 Qd7 17. Nc6 Ng4 18. Re2 Rfa8 19. h3 Ne5 20. Be3 Qc7 21. Nxe7+ Qxe7 22. Bxb6 Nd3 23. Kh2 Qb7 24. Be3 Ra1 25. Rd2 Rxb1 26. Qxb1 Qxb4 27. Qc2 Ne1 28. Qd1 Nxg2 29. Kxg2 c3 30. Re2 Qxe4+ 31. Kh2 Re8 32. Rc2 Rb8 33. Ra2 h5 34. Qa4 Rb4 35. Qa8+ Kh7 36. Ra1 Rb2 37. Kg1 c2 38. Rf1 Rb1 39. Qc6 Qd3 40. Bc1 Rxc1 0-1

[Event "EYTCC Open U18 2022"]
[Site "Thessaloniki"]
[Date "2022.07.14"]
[Round "3.3"]
[White "Ivanovic, Marko"]
[Black "Colbow, Collin"]
[Result "1-0"]
[ECO "A46"]
[WhiteElo "2310"]
[BlackElo "2325"]
[Annotator "ChessBase"]
[PlyCount "135"]
[EventDate "2022.07.12"]
[EventType "team-tourn"]
[EventCountry "GRE"]
[SourceTitle "playchess.com"]
[Source "ChessBase"]
[SourceQuality "1"]
[WhiteTeam "Serbia"]
[BlackTeam "Germany"]
[WhiteTeamCountry "SRB"]
[BlackTeamCountry "GER"]
[TimeControl "40/5400+30:1800+30"]

1. d4 Nf6 2. Nf3 e6 3. Bg5 h6 4. Bh4 c5 5. e3 b6 6. Nbd2 Bb7 7. Bd3 Be7 8. c3 d6 9. Bxf6 Bxf6 10. Qe2 Nd7 11. h4 Qc7 12. O-O-O O-O-O 13. Kb1 d5 14. e4 dxe4 15. Bxe4 Rhe8 16. g4 Qf4 17. Rhg1 Be7 18. g5 hxg5 19. hxg5 g6 20. Bxb7+ Kxb7 21. Ne4 a6 22. a3 Nb8 23. Ne5 cxd4 24. cxd4 Rd5 25. Qe3 Qf5 26. Rg3 Red8 27. Rf3 Rxe5 28. Rxf5 Rxf5 29. f4 Nc6 30. Nc3 Bd6 31. Ne2 Rd5 32. Rc1 Rc8 33. Qe4 b5 34. Ka2 Kb6 35. Rc3 Rc7 36. Rd3 b4 37. Rd1 a5 38. Rc1 Bf8 39. a4 Bd6 40. Rc4 Bf8 41. Qh1 Bd6 42. Qh8 Kb7 43. Qe8 Rf5 44. Rc1 Rd5 45. Rxc6 Rxc6 46. Qxf7+ Bc7 47. Qxg6 Rf5 48. Qe8 Bxf4 49. Nxf4 Rxf4 50. Qd7+ Rc7 51. Qb5+ Kc8 52. Qe5 Rff7 53. Qxe6+ Kb8 54. g6 Rg7 55. Qb6+ Rb7 56. Qd8+ Ka7 57. Qxa5+ Kb8 58. Qe5+ Ka7 59. Qc5+ Kb8 60. Qd6+ Ka7 61. a5 Rgd7 62. Qc5+ Ka6 63. Kb3 Rg7 64. Qf5 Rge7 65. Ka4 Re1 66. g7 b3 67. Qf6+ Ka7 68. Qb6+ 1-0

[Event "EYTCC Open U18 2022"]
[Site "Thessaloniki"]
[Date "2022.07.14"]
[Round "3.4"]
[White "Cherniaiev, Tykhon"]
[Black "Ljepic, Andrej"]
[Result "1/2-1/2"]
[ECO "C10"]
[WhiteElo "2186"]
[BlackElo "2234"]
[Annotator "ChessBase"]
[PlyCount "77"]
[EventDate "2022.07.12"]
[EventType "team-tourn"]
[EventCountry "GRE"]
[SourceTitle "playchess.com"]
[Source "ChessBase"]
[SourceQuality "1"]
[WhiteTeam "Germany"]
[BlackTeam "Serbia"]
[WhiteTeamCountry "GER"]
[BlackTeamCountry "SRB"]
[TimeControl "40/5400+30:1800+30"]

1. e4 e6 2. d4 d5 3. Nd2 dxe4 4. Nxe4 Bd7 5. Nf3 Bc6 6. Bd3 Nd7 7. c4 Ngf6 8. Nc3 Bxf3 9. Qxf3 c6 10. O-O Bd6 11. Be3 Qc7 12. h3 O-O 13. Rad1 Rfe8 14. Ne4 Nxe4 15. Bxe4 g6 16. Bc2 Bf8 17. Rfe1 Bg7 18. b3 Qa5 19. Bb1 Rac8 20. Bd2 Qc7 21. Bf4 Qb6 22. Be3 Qa5 23. h4 f5 24. Bd2 Qd8 25. Bg5 Bf6 26. Qg3 Qc7 27. Bf4 Qd8 28. Bg5 Qc7 29. Bf4 Qd8 30. h5 Kf7 31. hxg6+ hxg6 32. Re2 Qb6 33. c5 Qd8 34. b4 Bg7 35. Bg5 Bf6 36. Bf4 Bg7 37. Bg5 Bf6 38. Bf4 Bg7 39. Bg5 1/2-1/2

[Event "EYTCC Open U18 2022"]
[Site "Thessaloniki"]
[Date "2022.07.14"]
[Round "3.5"]
[White "Trost, Edvin"]
[Black "Milikow, Yoav"]
[Result "1-0"]
[ECO "D38"]
[WhiteElo "2345"]
[BlackElo "2452"]
[Annotator "ChessBase"]
[PlyCount "109"]
[EventDate "2022.07.12"]
[EventType "team-tourn"]
[EventCountry "GRE"]
[SourceTitle "playchess.com"]
[Source "ChessBase"]
[SourceQuality "1"]
[WhiteTeam "Sweden"]
[BlackTeam "Israel"]
[WhiteTeamCountry "SWE"]
[BlackTeamCountry "ISR"]
[TimeControl "40/5400+30:1800+30"]

1. d4 Nf6 2. c4 e6 3. Nf3 d5 4. Nc3 Bb4 5. Qa4+ Nc6 6. a3 Bxc3+ 7. bxc3 Ne4 8. Bf4 g5 9. Be3 Nxc3 10. Qc2 Ne4 11. g3 Na5 12. cxd5 exd5 13. Nd2 Nxd2 14. Bxd2 Nc4 15. h4 g4 16. Bg2 c6 17. O-O Qf6 18. Bg5 Qg6 19. e4 O-O 20. Qb3 Be6 21. Qxb7 Rfb8 22. Qxc6 Rc8 23. Qb7 Rcb8 24. Qe7 dxe4 25. h5 Qxh5 26. Bxe4 Re8 27. Qf6 Nd6 28. Bh6 Qxh6 29. Qxh6 Nxe4 30. Rfe1 Bd5 31. Re2 Re6 32. Qf4 Kh8 33. Rae1 Rae8 34. Qxg4 Bb7 35. Qf5 Nd6 36. Rxe6 Rxe6 37. Qb1 Rh6 38. f3 Bxf3 39. Qb8+ Kg7 40. Re5 Rg6 41. Kf2 Rf6 42. Ke1 Be4 43. d5 Bd3 44. Kd2 Ba6 45. Rg5+ Kh6 46. Rg4 Nc4+ 47. Kc3 Ne3 48. Qf8+ Kh5 49. Rh4+ Kg5 50. Qg7+ Rg6 51. Qe5+ Nf5 52. Rf4 Bc8 53. g4 f6 54. Rxf5+ Bxf5 55. Qxf5+ 1-0

[Event "EYTCC Open U18 2022"]
[Site "Thessaloniki"]
[Date "2022.07.14"]
[Round "3.6"]
[White "Rozen, Eytan"]
[Black "Falkevall, Axel"]
[Result "1-0"]
[ECO "E91"]
[WhiteElo "2465"]
[BlackElo "2275"]
[Annotator "ChessBase"]
[PlyCount "105"]
[EventDate "2022.07.12"]
[EventType "team-tourn"]
[EventCountry "GRE"]
[SourceTitle "playchess.com"]
[Source "ChessBase"]
[SourceQuality "1"]
[WhiteTeam "Israel"]
[BlackTeam "Sweden"]
[WhiteTeamCountry "ISR"]
[BlackTeamCountry "SWE"]
[TimeControl "40/5400+30:1800+30"]

1. d4 Nf6 2. c4 g6 3. Nf3 Bg7 4. Nc3 O-O 5. e4 d6 6. Be2 Nbd7 7. O-O e5 8. Qc2 Qe7 9. Be3 c6 10. d5 c5 11. Ne1 Kh8 12. Nd3 Ng8 13. f4 exf4 14. Bxf4 Ne5 15. Nxe5 Bxe5 16. Bd3 Bd7 17. Rae1 Rae8 18. Qf2 Bxf4 19. Qxf4 Qe5 20. Qxe5+ Rxe5 21. a3 Kg7 22. b4 Rc8 23. Rb1 b6 24. b5 Rce8 25. Rf3 Nh6 26. Rbf1 f5 27. exf5 gxf5 28. h3 Re3 29. Kf2 Rxf3+ 30. gxf3 Kf6 31. f4 Ng8 32. a4 Ne7 33. a5 Ng6 34. Ne2 bxa5 35. Ra1 Ra8 36. Rxa5 Bc8 37. Kf3 a6 38. Nc3 Bb7 39. bxa6 Rxa6 40. Rxa6 Bxa6 41. Nb5 Ke7 42. Bxf5 Nh4+ 43. Ke4 Nxf5 44. Kxf5 Bc8+ 45. Kg5 Bxh3 46. f5 Bf1 47. f6+ Kf8 48. Nxd6 Bd3 49. Nb7 Bxc4 50. d6 Ke8 51. Nxc5 Bf7 52. Kh6 Bg6 53. Kg7 1-0

[Event "EYTCC Open U18 2022"]
[Site "Thessaloniki"]
[Date "2022.07.14"]
[Round "3.7"]
[White "Wernberg, Hugo"]
[Black "Milikow, Elie"]
[Result "0-1"]
[ECO "A28"]
[WhiteElo "2316"]
[BlackElo "2433"]
[Annotator "ChessBase"]
[PlyCount "140"]
[EventDate "2022.07.12"]
[EventType "team-tourn"]
[EventCountry "GRE"]
[SourceTitle "playchess.com"]
[Source "ChessBase"]
[SourceQuality "1"]
[WhiteTeam "Sweden"]
[BlackTeam "Israel"]
[WhiteTeamCountry "SWE"]
[BlackTeamCountry "ISR"]
[TimeControl "40/5400+30:1800+30"]

1. c4 Nf6 2. Nc3 e5 3. Nf3 Nc6 4. e4 Bb4 5. d3 d6 6. a3 Ba5 7. b4 Bb6 8. Be2 Nd4 9. Be3 c6 10. O-O O-O 11. Na4 Nxf3+ 12. Bxf3 Bd4 13. Rc1 Ne8 14. Nc3 a5 15. Bxd4 exd4 16. Ne2 Qf6 17. Ng3 g6 18. Bg4 Bxg4 19. Qxg4 axb4 20. axb4 Ra3 21. Qe2 Qh4 22. Ra1 Rb3 23. Rfb1 Rxb1+ 24. Rxb1 Nc7 25. Ra1 Ne6 26. Qf3 Qg5 27. Nf1 b5 28. g3 bxc4 29. dxc4 Qe5 30. Qd3 Rb8 31. f4 Qh5 32. Ra4 Qg4 33. Kf2 Qh3 34. Qd2 h5 35. Ra5 Re8 36. f5 Ng7 37. Qxd4 Qg4 38. Qxd6 Qxe4 39. Qf4 Qc2+ 40. Kg1 Nxf5 41. Re5 Rxe5 42. Qxe5 Qxc4 43. Qb8+ Kh7 44. Qf4 Nd4 45. Ne3 Ne2+ 46. Kf2 Qxf4+ 47. gxf4 Nxf4 48. Nc2 f5 49. Ke3 Ne6 50. Na3 g5 51. Nc4 Kg7 52. Ne5 c5 53. b5 Nc7 54. Kd3 Nxb5 55. Kc4 Nd6+ 56. Kxc5 Ne4+ 57. Kd4 g4 58. Ke3 Nc5 59. Kf4 Kf6 60. Nc4 Ne6+ 61. Kg3 Kg5 62. Ne5 f4+ 63. Kf2 Kf5 64. Nf7 Ng5 65. Nd6+ Ke5 66. Nc4+ Kd4 67. Nb6 Ne4+ 68. Kf1 f3 69. Nc8 Ke3 70. Ne7 Nd2+ 0-1

[Event "EYTCC Open U18 2022"]
[Site "Thessaloniki"]
[Date "2022.07.14"]
[Round "3.8"]
[White "Kochavi, Ori"]
[Black "Soderstrom, Adrian"]
[Result "1-0"]
[ECO "C88"]
[WhiteElo "2364"]
[BlackElo "2292"]
[Annotator "ChessBase"]
[PlyCount "63"]
[EventDate "2022.07.12"]
[EventType "team-tourn"]
[EventCountry "GRE"]
[SourceTitle "playchess.com"]
[Source "ChessBase"]
[SourceQuality "1"]
[WhiteTeam "Israel"]
[BlackTeam "Sweden"]
[WhiteTeamCountry "ISR"]
[BlackTeamCountry "SWE"]
[TimeControl "40/5400+30:1800+30"]

1. e4 e5 2. Nf3 Nc6 3. Bb5 a6 4. Ba4 Nf6 5. O-O Be7 6. Re1 b5 7. Bb3 O-O 8. a4 d5 9. axb5 dxe4 10. bxc6 exf3 11. Qxf3 e4 12. Qe2 Re8 13. Nc3 Bd6 14. h3 Re5 15. Ra4 Bxh3 16. Nxe4 Bg4 17. Qe3 Bf5 18. d3 Ng4 19. Qg5 Qc8 20. Bf4 h6 21. Qh5 g6 22. Qh3 Qe8 23. Qxg4 Bxg4 24. Nf6+ Kh8 25. Bxe5 Qxc6 26. Nxg4+ Bxe5 27. Nxe5 Qf6 28. Nxf7+ Kg7 29. Rae4 Rb8 30. Re7 Kf8 31. Ne5 Kxe7 32. Ng4+ 1-0

[Event "EYTCC Open U18 2022"]
[Site "Thessaloniki"]
[Date "2022.07.14"]
[Round "3.9"]
[White "Baum, Jonasz"]
[Black "Borhy, Marcell"]
[Result "1/2-1/2"]
[ECO "B94"]
[WhiteElo "2410"]
[BlackElo "2411"]
[Annotator "ChessBase"]
[PlyCount "62"]
[EventDate "2022.07.12"]
[EventType "team-tourn"]
[EventCountry "GRE"]
[SourceTitle "playchess.com"]
[Source "ChessBase"]
[SourceQuality "1"]
[WhiteTeam "Poland"]
[BlackTeam "Hungary"]
[WhiteTeamCountry "POL"]
[BlackTeamCountry "HUN"]
[TimeControl "40/5400+30:1800+30"]

1. e4 c5 2. Nf3 d6 3. d4 cxd4 4. Nxd4 Nf6 5. Nc3 a6 6. Bg5 Nbd7 7. Qe2 h6 8. Bh4 g6 9. f4 e5 10. fxe5 dxe5 11. O-O-O Qc7 12. Nb3 b5 13. Kb1 Bb7 14. Nd5 Nxd5 15. exd5 Bd6 16. Qd2 Kf8 17. Na5 Kg7 18. g4 Nb6 19. Nxb7 Qxb7 20. Qf2 Nd7 21. Bd3 Rhf8 22. Rhf1 Qb6 23. Qg2 Rae8 24. Be4 a5 25. Rd3 a4 26. Qd2 b4 27. Rh3 Rh8 28. Rhf3 Rhf8 29. Rh3 Rh8 30. Rhf3 Rhf8 31. Rh3 Rh8 1/2-1/2

[Event "EYTCC Open U18 2022"]
[Site "Thessaloniki"]
[Date "2022.07.14"]
[Round "3.10"]
[White "Juhasz, Agoston"]
[Black "Czopor, Maciej"]
[Result "1/2-1/2"]
[ECO "C48"]
[WhiteElo "2344"]
[BlackElo "2415"]
[Annotator "ChessBase"]
[PlyCount "133"]
[EventDate "2022.07.12"]
[EventType "team-tourn"]
[EventCountry "GRE"]
[SourceTitle "playchess.com"]
[Source "ChessBase"]
[SourceQuality "1"]
[WhiteTeam "Hungary"]
[BlackTeam "Poland"]
[WhiteTeamCountry "HUN"]
[BlackTeamCountry "POL"]
[TimeControl "40/5400+30:1800+30"]

1. e4 e5 2. Nf3 Nc6 3. Nc3 Nf6 4. Bb5 Bd6 5. d3 h6 6. a3 O-O 7. O-O Ne7 8. d4 Ng6 9. Re1 Re8 10. h3 a6 11. Bf1 b5 12. dxe5 Nxe5 13. Bf4 Qe7 14. Nd5 Nxd5 15. Bxe5 Bxe5 16. Qxd5 Rb8 17. Nxe5 Qxe5 18. Qxe5 Rxe5 19. f4 Re7 20. e5 Rb6 21. Kf2 Kf8 22. Rad1 f6 23. Rd5 fxe5 24. Rdxe5 Rxe5 25. Rxe5 Rf6 26. Re4 c5 27. Kg3 Bb7 28. Re2 Rg6+ 29. Kf2 Rf6 30. Kg3 Rg6+ 31. Kf2 Rf6 32. Ke3 Re6+ 33. Kd2 Rd6+ 34. Ke1 Rf6 35. g3 a5 36. c3 a4 37. Re5 d6 38. Re3 Bc6 39. h4 Rf7 40. Bh3 Re7 41. Kd2 Rxe3 42. Kxe3 Ke7 43. g4 Bd7 44. f5 Bc6 45. Kf4 Kf6 46. Bf1 Bd7 47. Be2 Be8 48. Bf3 Bf7 49. Be2 Be8 50. Bd3 Bc6 51. Be4 Bd7 52. Bd5 Be8 53. Bb7 Bf7 54. Bc6 Bc4 55. g5+ hxg5+ 56. hxg5+ Ke7 57. Ke4 Bf1 58. Kf4 Bc4 59. Ke3 Bf1 60. Be4 Bc4 61. Bd3 d5 62. Bc2 Kd6 63. Kf4 Be2 64. Bb1 Bc4 65. Bc2 Be2 66. Ke3 Bc4 67. Kf4 1/2-1/2

[Event "EYTCC Open U18 2022"]
[Site "Thessaloniki"]
[Date "2022.07.14"]
[Round "3.11"]
[White "Klimkowski, Jan"]
[Black "Palczert, Matyas"]
[Result "1-0"]
[ECO "B90"]
[WhiteElo "2398"]
[BlackElo "2321"]
[Annotator "ChessBase"]
[PlyCount "87"]
[EventDate "2022.07.12"]
[EventType "team-tourn"]
[EventCountry "GRE"]
[SourceTitle "playchess.com"]
[Source "ChessBase"]
[SourceQuality "1"]
[WhiteTeam "Poland"]
[BlackTeam "Hungary"]
[WhiteTeamCountry "POL"]
[BlackTeamCountry "HUN"]
[TimeControl "40/5400+30:1800+30"]

1. e4 c5 2. Nf3 d6 3. d4 cxd4 4. Nxd4 Nf6 5. Nc3 a6 6. Be3 e6 7. a3 b5 8. g4 Bb7 9. Bg2 Qc7 10. g5 Nfd7 11. O-O Ne5 12. f4 Nc4 13. Bc1 Nc6 14. Nce2 Nxd4 15. Nxd4 O-O-O 16. b3 Nb6 17. Bb2 d5 18. e5 g6 19. Rf3 Kb8 20. Bc3 Nd7 21. Qd2 Bc5 22. a4 bxa4 23. Rxa4 Bb6 24. Ba5 Rc8 25. Bxb6 Nxb6 26. Ra5 Nd7 27. Qb4 Qb6 28. Qxb6 Nxb6 29. Bf1 h6 30. Bxa6 Bxa6 31. Rxa6 Kb7 32. Ra2 hxg5 33. fxg5 Rh7 34. Nb5 Rc5 35. Nd6+ Kb8 36. Nxf7 d4 37. Nd8 Rh8 38. Nxe6 Rxe5 39. Nxd4 Re1+ 40. Rf1 Re4 41. Nf3 Nd5 42. Ra4 Re2 43. Rd4 Nc3 44. Rb4+ 1-0

[Event "EYTCC Open U18 2022"]
[Site "Thessaloniki"]
[Date "2022.07.14"]
[Round "3.12"]
[White "Pasztor, Balazs"]
[Black "Seemann, Jakub"]
[Result "1/2-1/2"]
[ECO "B90"]
[WhiteElo "2336"]
[BlackElo "2382"]
[Annotator "ChessBase"]
[PlyCount "79"]
[EventDate "2022.07.12"]
[EventType "team-tourn"]
[EventCountry "GRE"]
[SourceTitle "playchess.com"]
[Source "ChessBase"]
[SourceQuality "1"]
[WhiteTeam "Hungary"]
[BlackTeam "Poland"]
[WhiteTeamCountry "HUN"]
[BlackTeamCountry "POL"]
[TimeControl "40/5400+30:1800+30"]

1. e4 c5 2. Nf3 d6 3. d4 cxd4 4. Nxd4 Nf6 5. Nc3 a6 6. a4 g6 7. a5 Bg7 8. Be2 O-O 9. Be3 Bd7 10. O-O Nc6 11. Nb3 Rc8 12. f3 Ne5 13. Nd2 Be6 14. Na4 Nfd7 15. c3 Kh8 16. Kh1 f5 17. exf5 gxf5 18. f4 Nc4 19. Nxc4 Bxc4 20. Nb6 Nxb6 21. Bxb6 Qd7 22. Re1 Bxe2 23. Qxe2 Rfe8 24. Rad1 Qa4 25. Qe6 Qxf4 26. Rf1 Qe4 27. Qxf5 Qxf5 28. Rxf5 Rf8 29. Rff1 Rxf1+ 30. Rxf1 Rc4 31. g3 Bf6 32. Kg2 Kg7 33. Kf3 Kf7 34. Ke3 Ke6 35. Kd3 d5 36. Re1+ Kd6 37. Rf1 Ke6 38. Re1+ Kd6 39. Rf1 Ke6 40. Re1+ 1/2-1/2

[Event "EYTCC Open U18 2022"]
[Site "Thessaloniki"]
[Date "2022.07.14"]
[Round "3.13"]
[White "Svane, Frederik"]
[Black "Herega, Nejc"]
[Result "1-0"]
[ECO "A33"]
[WhiteElo "2521"]
[BlackElo "2160"]
[Annotator "ChessBase"]
[PlyCount "65"]
[EventDate "2022.07.12"]
[EventType "team-tourn"]
[EventCountry "GRE"]
[SourceTitle "playchess.com"]
[Source "ChessBase"]
[SourceQuality "1"]
[WhiteTeam "Germany"]
[BlackTeam "Slovenia"]
[WhiteTeamCountry "GER"]
[BlackTeamCountry "SLO"]
[TimeControl "40/5400+30:1800+30"]

1. c4 c5 2. Nf3 Nf6 3. Nc3 Nc6 4. d4 cxd4 5. Nxd4 e6 6. e4 Bb4 7. Nxc6 bxc6 8. Bd3 e5 9. O-O O-O 10. h3 d5 11. exd5 Bxc3 12. bxc3 cxd5 13. Bg5 dxc4 14. Bxc4 Qxd1 15. Rfxd1 Bf5 16. Rac1 Rac8 17. Ba6 Rc5 18. c4 Be4 19. Rd6 Rb8 20. Bb5 h6 21. Be3 Rc7 22. a4 Kh7 23. f4 Nh5 24. fxe5 Ng3 25. Re1 Nf5 26. Bf4 g5 27. Bh2 Re7 28. Rf6 Bc2 29. e6 Rf8 30. Rxf5 Bxf5 31. Bd6 Rfe8 32. Bxe8 Rxe8 33. exf7 1-0

[Event "EYTCC Open U18 2022"]
[Site "Thessaloniki"]
[Date "2022.07.14"]
[Round "3.14"]
[White "Gregoric, Andraz"]
[Black "Koellner, Ruben Gideon"]
[Result "1-0"]
[ECO "C60"]
[WhiteElo "2199"]
[BlackElo "2422"]
[Annotator "ChessBase"]
[PlyCount "104"]
[EventDate "2022.07.12"]
[EventType "team-tourn"]
[EventCountry "GRE"]
[SourceTitle "playchess.com"]
[Source "ChessBase"]
[SourceQuality "1"]
[WhiteTeam "Slovenia"]
[BlackTeam "Germany"]
[WhiteTeamCountry "SLO"]
[BlackTeamCountry "GER"]
[TimeControl "40/5400+30:1800+30"]

1. e4 e5 2. Nf3 Nc6 3. Bb5 g6 4. c3 Bg7 5. O-O Nge7 6. d4 exd4 7. cxd4 a6 8. Ba4 b5 9. Bb3 O-O 10. h3 d6 11. Nc3 Na5 12. Bc2 c5 13. dxc5 dxc5 14. Qxd8 Rxd8 15. Be3 Nb7 16. Rfd1 Be6 17. e5 Rxd1+ 18. Rxd1 Rc8 19. Ng5 Rc7 20. Nxe6 fxe6 21. f4 b4 22. Ne4 Nd5 23. Bc1 Bh6 24. g3 c4 25. Kf2 Nc5 26. Be3 Bf8 27. Kf3 a5 28. Bxc5 Bxc5 29. Ng5 Rc8 30. Nxe6 Ne3 31. Rc1 Bb6 32. Ba4 h6 33. Bd7 Rb8 34. Nc7 Bd4 35. b3 c3 36. Be6+ Kf8 37. Nd5 Nxd5 38. Bxd5 Rd8 39. Be4 g5 40. Rd1 Ke7 41. Bc2 h5 42. Ke4 Bf2 43. Rxd8 Kxd8 44. Kf3 Bd4 45. Ke4 Bf2 46. f5 Ke7 47. g4 hxg4 48. hxg4 Bg3 49. Bd3 Bf4 50. f6+ Ke6 51. Bc4+ Kd7 52. e6+ Kd6 1-0

[Event "EYTCC Open U18 2022"]
[Site "Thessaloniki"]
[Date "2022.07.14"]
[Round "3.15"]
[White "Koelle, Tobias"]
[Black "Skrbec, Leon"]
[Result "1-0"]
[ECO "D37"]
[WhiteElo "2436"]
[BlackElo "2103"]
[Annotator "ChessBase"]
[PlyCount "67"]
[EventDate "2022.07.12"]
[EventType "team-tourn"]
[EventCountry "GRE"]
[SourceTitle "playchess.com"]
[Source "ChessBase"]
[SourceQuality "1"]
[WhiteTeam "Germany"]
[BlackTeam "Slovenia"]
[WhiteTeamCountry "GER"]
[BlackTeamCountry "SLO"]
[TimeControl "40/5400+30:1800+30"]

1. d4 Nf6 2. c4 e6 3. Nf3 d5 4. Nc3 Be7 5. Bf4 c6 6. e3 O-O 7. Qc2 Nbd7 8. Rd1 Nh5 9. Bg3 Nxg3 10. hxg3 g6 11. Be2 Nf6 12. Ne5 Bd6 13. g4 Bxe5 14. dxe5 Nd7 15. f4 Qb6 16. Rh3 f6 17. Bd3 Kg7 18. Qf2 Rf7 19. exf6+ Nxf6 20. g5 Ng8 21. g4 e5 22. f5 e4 23. Qh2 Bxf5 24. gxf5 exd3 25. Rxh7+ Kf8 26. Rxf7+ Kxf7 27. Rxd3 Re8 28. Qh7+ Kf8 29. f6 Rxe3+ 30. Kf1 Re7 31. fxe7+ Nxe7 32. Rf3+ Ke8 33. Qf7+ Kd7 34. cxd5 1-0

[Event "EYTCC Open U18 2022"]
[Site "Thessaloniki"]
[Date "2022.07.14"]
[Round "3.16"]
[White "Kozlovic, Jernej"]
[Black "Krastev, Alexander"]
[Result "0-1"]
[ECO "B30"]
[WhiteElo "2088"]
[BlackElo "2435"]
[Annotator "ChessBase"]
[PlyCount "41"]
[EventDate "2022.07.12"]
[EventType "team-tourn"]
[EventCountry "GRE"]
[SourceTitle "playchess.com"]
[Source "ChessBase"]
[SourceQuality "1"]
[WhiteTeam "Slovenia"]
[BlackTeam "Germany"]
[WhiteTeamCountry "SLO"]
[BlackTeamCountry "GER"]
[TimeControl "40/5400+30:1800+30"]

1. e4 c5 2. Nf3 Nc6 3. c3 d5 4. exd5 Qxd5 5. d4 Bf5 6. Be3 cxd4 7. cxd4 Bxb1 8. Qxb1 e6 9. Bd3 Bb4+ 10. Ke2 Nf6 11. Rd1 Be7 12. Qc2 O-O 13. Qc4 Qd6 14. Rac1 Rfd8 15. a3 Nd5 16. Bb1 Bf6 17. b4 g6 18. Qc5 Qd7 19. b5 Na5 20. Nd2 Rdc8 21. Ne4 0-1